 Dungeon Crawl Stone Soup version 0.25.1-2-g60ff931df9 (webtiles) character file.

Game seed: 4088233323155685325

98 gbos the Poker (level 4, -4/42 HPs)
             Began as a Naga Fighter on Nov 17, 2020.
             Splashed by a jelly's acid (9 damage)
             ... on level 2 of the Dungeon.
             The game lasted 00:00:18 (1460 turns).

gbos the Poker (Naga Fighter)                       Turns: 1460, Time: 00:00:19

Health: -4/42      AC: -1    Str: 20    XL:     4   Next: 71%
Magic:  4/4        EV:  3    Int:  8    God:
Gold:   125        SH:  8    Dex: 10    Spells: 3/3 levels left

rFire    . . .     SeeInvis +   Y - +0 trident
rCold    . . .     Gourm    .   c - +0 kite shield
rNeg     . . .     Faith    .   e - +0 chain mail
rPois    +         Spirit   .   (no helmet)
rElec    .         Reflect  .   (no cloak)
rCorr    .         Harm     .   (no gloves)
MR       .....                  (no barding)
Stlth    ..........             (no amulet)
HPRegen  0.14/turn              (no ring)
MPRegen  0.09/turn              (no ring)

@: corroded, very slow
A: large, see invisible, deformed body, poison resistance, slowness 2, slow
metabolism 1, spit poison 1, AC +1
a: Spit Poison


You were on level 2 of the Dungeon.
You were not hungry.

You visited 1 branch of the dungeon, and saw 2 of its levels.

You collected 125 gold pieces.


Innate Abilities, Weirdness & Mutations

You cannot wear boots.
Your serpentine skin is tough. (AC +1)
You have supernaturally acute eyesight. (SInv)
Armour fits poorly on your strangely shaped body.
Your system is resistant to poisons. (rPois)
You cover ground very slowly.
You have a slow metabolism.
You can spit poison.


   Skills:
 - Level 3.0 Fighting
 + Level 4.7 Polearms
 - Level 2.4 Armour
 - Level 2.4 Shields


You had 3 spell levels left.
You didn't know any spells.
Your spell library was empty.

Inventory:

Hand Weapons
 Y - a +0 trident (weapon)
Armour
 c - a +0 kite shield (worn)
 e - a +0 chain mail (worn)
Jewellery
 n - an uncursed amulet of magic regeneration {unknown}
Scrolls
 a - a scroll of blinking
 b - a scroll of teleportation {unknown}
 j - a scroll of remove curse
 l - a scroll of amnesia {unknown}
 o - a scroll of identify {unknown}
Potions
 d - a potion of might
 g - a potion of flight {unknown}
 i - a potion of brilliance {unknown}
 k - a potion of mutation {unknown}
 m - 2 potions of curing {unknown}
Comestibles
 f - 4 rations
 h - a chunk of flesh

Dungeon Overview and Level Annotations

Branches:
Dungeon (2/15)

Altars:


Message History

The jelly hits you but does no damage.
Your shield prevents you from hitting the jelly.
The jelly is moderately wounded.
The jelly hits you but does no damage.
You hit the jelly. The acid corrodes you!
Your hands burn!
The jelly is heavily wounded.
You block the jelly's attack. The jelly hits you but does no damage.
You hit the jelly. The acid corrodes you!
Your hands burn!
The jelly is severely wounded.
The jelly hits you.
You are splashed with acid!
You hit the jelly.
Your hands burn!
The jelly is almost dead.
You block the jelly's attack.
You hit the jelly but do no damage.
Your hands burn!
The jelly is almost dead.
The jelly hits you but does no damage.
You hit the jelly. The acid corrodes you!
Your hands burn!
The jelly is almost dead.
The jelly hits you.
You are splashed with acid!
You die...

#.......(...##..####'####..##.#.#
#.......(.(<(.................#.#
#.....)(......#####.###.#..####.#
#.............# #.# #..........
#.##..........#####.# ###.......#
#. ####.########....# ##..###.# #
#.. #(...#### #(.# #.# ###.
#....##.# #..###.# .#
###@...##.###.......
#...%..J..).....##..#...
#..........##.#.##......
#.................#.###.
#..........##.....#.# .
#..........##......>#
#.......##.........##
#####...##...#...... #..
............


You could see a jelly.

Vanquished Creatures
  5 adders (D:2)
  A worm (D:2)
  4 leopard geckos
  2 giant cockroaches (D:1)
  5 goblins
  4 hobgoblins
  3 jackals (D:1)
  8 kobolds
  A quokka (D:2)
  7 bats
  A frilled lizard (D:1)
  8 rats
49 creatures vanquished.

Notes
Turn   | Place    | Note
-------+----------+-------------------------------------------
     0 | D:1      | gbos the Naga Fighter began the quest for the Orb.
     0 | D:1      | Reached XP level 1. HP: 21/21 MP: 1/1
     0 | D:1      | 0 ||| counter = 164
    46 | D:1      | 46 ||| INVOKING Spit Poison.
    72 | D:1      | 72 ||| Stepping ~*~*~tactically~*~*~ (stealth).
    73 | D:1      | 73 ||| INVOKING Spit Poison.
    77 | D:1      | 77 ||| Stepping ~*~*~tactically~*~*~ (stealth).
    78 | D:1      | 78 ||| INVOKING Spit Poison.
    87 | D:1      | Reached XP level 2. HP: 19/28 MP: 2/2
   190 | D:1      | 190 ||| INVOKING Spit Poison.
   213 | D:1      | 213 ||| INVOKING Spit Poison.
   214 | D:1      | 214 ||| INVOKING Spit Poison.
   225 | D:1      | Reached skill level 3 in Polearms
   233 | D:1      | 233 ||| INVOKING Spit Poison.
   234 | D:1      | 234 ||| INVOKING Spit Poison.
   236 | D:1      | 236 ||| Stepping ~*~*~tactically~*~*~ (stealth).
   242 | D:1      | 242 ||| INVOKING Spit Poison.
   276 | D:1      | 276 ||| INVOKING Spit Poison.
   281 | D:1      | 281 ||| INVOKING Spit Poison.
   284 | D:1      | 284 ||| INVOKING Spit Poison.
   339 | D:1      | 339 ||| INVOKING Spit Poison.
   340 | D:1      | 340 ||| INVOKING Spit Poison.
   357 | D:1      | 357 ||| INVOKING Spit Poison.
   388 | D:1      | 388 ||| Stepping ~*~*~tactically~*~*~ (hiding).
   393 | D:1      | Reached XP level 3. HP: 34/34 MP: 3/3
   394 | D:1      | 394 ||| Waiting for ranged monster.
   395 | D:1      | 395 ||| Waiting for ranged monster.
   396 | D:1      | 396 ||| Waiting for ranged monster.
   397 | D:1      | 397 ||| Waiting for ranged monster.
   453 | D:1      | 453 ||| INVOKING Spit Poison.
   454 | D:1      | 454 ||| INVOKING Spit Poison.
   472 | D:1      | 472 ||| Stepping ~*~*~tactically~*~*~ (stealth).
   473 | D:1      | 473 ||| INVOKING Spit Poison.
   481 | D:1      | 481 ||| INVOKING Spit Poison.
   511 | D:1      | 511 ||| INVOKING Spit Poison.
   522 | D:1      | 522 ||| INVOKING Spit Poison.
   523 | D:1      | 523 ||| INVOKING Spit Poison.
   674 | D:1      | 674 ||| UPGRADING to chain mail.
   684 | D:1      | 684 ||| DROPPING +0 scale mail.
   685 | D:1      | 685 ||| READING 2 scrolls labeled KACU QIUTEKENG.
   686 | D:1      | 686 ||| READING scroll labeled AKHLISYQOLO.
   687 | D:1      | 687 ||| READING scroll labeled HOUBU REPE.
   688 | D:1      | 688 ||| READING scroll labeled PILOCAGUTU.
   689 | D:1      | 689 ||| READING scroll labeled WAOF WOSEME.
   718 | D:2      | 718 ||| INVOKING Spit Poison.
   736 | D:2      | 736 ||| Stepping ~*~*~tactically~*~*~ (hiding).
   739 | D:2      | 739 ||| INVOKING Spit Poison.
   789 | D:2      | 789 ||| INVOKING Spit Poison.
   996 | D:2      | 996 ||| INVOKING Spit Poison.
  1000 | D:2      | 1000 ||| INVOKING Spit Poison.
  1003 | D:2      | Reached skill level 4 in Polearms
  1006 | D:2      | 1006 ||| INVOKING Spit Poison.
  1140 | D:2      | 1140 ||| INVOKING Spit Poison.
  1147 | D:2      | Reached XP level 4. HP: 37/42 MP: 4/4
  1184 | D:2      | 1184 ||| INVOKING Spit Poison.
  1277 | D:2      | 1277 ||| Stepping ~*~*~tactically~*~*~ (hiding).
  1278 | D:2      | 1278 ||| Stepping ~*~*~tactically~*~*~ (hiding).
  1279 | D:2      | 1279 ||| Waiting for ranged monster.
  1323 | D:2      | 1323 ||| Stepping ~*~*~tactically~*~*~ (stealth).
  1380 | D:2      | 1380 ||| INVOKING Spit Poison.
  1417 | D:2      | 1417 ||| Stepping ~*~*~tactically~*~*~ (stealth).
  1418 | D:2      | 1418 ||| Stepping ~*~*~tactically~*~*~ (stealth).
  1419 | D:2      | 1419 ||| Stepping ~*~*~tactically~*~*~ (stealth).
  1421 | D:2      | 1421 ||| INVOKING Spit Poison.
  1432 | D:2      | 1432 ||| INVOKING Spit Poison.
  1433 | D:2      | 1433 ||| INVOKING Spit Poison.
  1439 | D:2      | 1439 ||| Stepping ~*~*~tactically~*~*~ (stealth).
  1440 | D:2      | 1440 ||| Stepping ~*~*~tactically~*~*~ (stealth).
  1441 | D:2      | 1441 ||| Stepping ~*~*~tactically~*~*~ (stealth).
  1442 | D:2      | 1442 ||| Stepping ~*~*~tactically~*~*~ (stealth).
  1446 | D:2      | 1446 ||| Stepping ~*~*~tactically~*~*~ (stealth).
  1459 | D:2      | HP: 8/42 [acid (3)]
  1460 | D:2      | Splashed by a jelly's acid

Levels and vault maps discovered:
D:1:      nzn_arrival_depleted_hourglass, layout_rooms
D:2:      layout_basic, uniq_robin

Skill      XL: |  1  2  3 |
---------------+----------+-----
Polearms       | 3 4 |  4.7
Fighting       | |  3.0
Armour         | |  2.4
Shields        | |  2.4

Action                   |  1- 3 |  4- 6 || total
-------------------------+-------+-------++-------
Melee: Trident           |   107 |    31 ||   138
 Abil: Spit Poison       |    23 |     4 ||    27
  Use: Scroll            |     5 |       ||     5
 Stab: Distracted        |       |     1 ||     1
  Eat: Chunk             |     1 |     2 ||     3
Armor: Scale mail        |    21 |       ||    21
       Chain mail        |    18 |    12 ||    30
Dodge: Dodged            |    12 |     3 ||    15
Block: Kite shield       |    37 |     7 ||    44

Table legend:
 A = Non-vault XP
 B = Vault XP
 C = Vault XP percentage of total XP
 D = Non-vault monster count
 E = Vault monster count
 F = Vault count percentage of total count
                 A         B        C        D         E       F
            +---------+---------+-------+---------+---------+-------
      Total |     141 |       0 |   0.0 |      49 |       0 |   0.0
            +---------+---------+-------+---------+---------+-------
        D:1 |      47 |       0 |   0.0 |      27 |       0 |   0.0
        D:2 |      94 |       0 |   0.0 |      22 |       0 |   0.0
            +---------+---------+-------+---------+---------+-------
